 Dungeon Crawl Stone Soup version 0.30-a0-304-gdc4b735fe1 (webtiles) character file.

Game seed: 1696511738629360124

46 blackman the Caller (level 3, 0/14 HPs)
             Began as a Felid Summoner on Oct 20, 2022.
             Killed from afar by Ijyb (14 damage)
             ... with an iceblast
             ... on level 3 of the Dungeon.
             The game lasted 00:06:11 (2122 turns).

blackman the Caller (Felid Summoner)                Turns: 2122, Time: 00:06:11

Health: 0/14       AC:  1    Str:  4    XL:     3   Next: 46%
Magic:  1/7        EV: 17    Int: 18    God:
Gold:   118        SH:  0    Dex: 16    Spells: 0/6 levels left
                                        Lives:  0   Deaths: 0

rFire   . . .      SeeInvis +    (weapon unavailable)
rCold   . . .      Faith    .    (shield unavailable)
rNeg    . . .      Spirit   .    (body armour unavailable)
rPois   .          Reflect  .    (helmet unavailable)
rElec   .          Harm     .    (cloak unavailable)
rCorr   .          Rampage  .    (gloves unavailable)
Will    .....                    (boots unavailable)
Stlth   ++........               n - amulet of regeneration
HPRegen 1.02/turn                (no ring)
MPRegen 0.10/turn                (no ring)

@: quick
A: very small, claws 1, fangs 3, see invisible, speed 1, shaggy fur 1, stealthy
paws, no weapons or thrown items, no armour, multi-lived
a: no special abilities


You were on level 3 of the Dungeon.
You visited 1 branch of the dungeon, and saw 3 of its levels.

You collected 118 gold pieces.

Inventory:

Jewellery
 n - an amulet of regeneration (around neck)
Scrolls
 c - a scroll of noise {unknown}
 e - a scroll of identify {unknown}
 i - 2 scrolls of vulnerability {unknown}
Potions
 a - a potion of magic
 b - a potion of brilliance {unknown}
 d - a potion of berserk rage {unknown}
 f - a potion of heal wounds {unknown}
 g - 2 potions of flight {unknown}
 h - a potion of mutation {unknown}
 j - a potion of invisibility {unknown}
 k - a potion of haste {unknown}
 l - a potion of attraction {unknown}


   Skills:
 - Level 2.6 Dodging
 - Level 2.6 Stealth
 - Level 2.2 Spellcasting
 + Level 5.1 Summonings


You couldn't memorise any spells.
You knew the following spells:

 Your Spells              Type           Power      Damage    Failure   Level
a - Summon Small Mammal   Summ           80%        N/A       2%          1
b - Call Imp              Summ           20%        N/A       3%          2
c - Call Canine Familiar  Summ           20%        N/A       6%          3

Your spell library contained the following spells:

 Spells                   Type           Power      Damage    Failure   Level
 Magic Dart               Conj           8%         1d3       19%         1
 Summon Guardian Golem    Hex/Summ       11%        N/A       19%         3
 Mephitic Cloud           Conj/Pois/Air  2%         N/A       47%         3
 Ozocubu's Armour         Ice            2%         N/A       47%         3
 Summon Lightning Spire   Summ/Air       11%        N/A       52%         4
 Ozocubu's Refrigeration  Ice            1%         4d7       100%        7


Dungeon Overview and Level Annotations

Branches:
Dungeon (3/15)

Altars:

Annotations:
D:3 Ijyb


Innate Abilities, Weirdness & Mutations

You have sharp claws.
You have razor-sharp teeth.
You have supernaturally acute eyesight. (SInv)
You cover ground quickly. (Speed+)
You are covered in fur. (AC +1)
Your paws help you pounce on unaware monsters.
You are incapable of wielding weapons or throwing items.
You cannot wear armour.
You gain extra lives every three experience levels.


Message History

Aim: Ijyb, wielding a +0 dagger, wearing a +0 leather armour and carrying a wand of iceblast (2) (lightly wounded, ally target) Attack!
Your rat misses Ijyb.
Your crimson imp blinks!
Your hound bites Ijyb but does no damage.
Ijyb hits your rat with a +0 dagger.
Your rat dies!
Your rat's corpse disappears in a puff of smoke!
Casting: Summon Small Mammal (safe; 2% risk of failure)
Confirm with . or Enter, or press ? or * to list all spells.
Your hound barely misses Ijyb.
You scratch Ijyb but do no damage.
Ijyb is lightly wounded.
Your hound misses Ijyb.
Ijyb screams, "No!
No, no, no, no!"
Ijyb barely misses you.
Your hound bites Ijyb.
Your hound bites Ijyb.
Ijyb hits your quokka with a +0 dagger.
Your crimson imp blinks!
Your quokka bites Ijyb.
Your hound closely misses Ijyb.
Ijyb closely misses your quokka.
Your quokka bites Ijyb.
Casting: Summon Small Mammal (safe; 2% risk of failure)
Confirm with . or Enter, or press ? or * to list all spells.
You don't have enough magic to cast this spell.
Unknown command.
Unknown command.
Your hound barely misses Ijyb.
Ijyb closely misses your quokka.
Your quokka bites Ijyb.
Your hound bites Ijyb but does no damage.
Your hound closely misses Ijyb.
Your quokka barely misses Ijyb.
Ijyb closely misses your quokka.
Your hound closely misses Ijyb.
Your quokka closely misses Ijyb.
Ijyb hits your quokka with a +0 dagger.
Your quokka dies!
Your quokka's corpse disappears in a puff of smoke!
Your hound barely misses Ijyb.
Your hound closely misses Ijyb.
Ijyb zaps a wand.
The mass of ice explodes!
The iceblast engulfs you!
Ouch! That really hurt!
You die...

#########
#.......#
#.......#
#.....[.# ######
#......5##......
#.....@..gh.....
#.....<..#......
#........# .....
#........# ....
######+#.# ...
#.# .. #.# . #.#
...


You could see Ijyb (ally target), a friendly hound (summoned) and a friendly
crimson imp (summoned).

Vanquished Creatures
  2 ball pythons (D:1)
  2 bats (D:1)
  A giant cockroach (D:1)
  A frilled lizard (D:1)
  A rat (D:1)
7 creatures vanquished.

Vanquished Creatures (collateral kills)
  2 adders (D:2)
  A dart slug (D:2)
  3 endoplasms (D:2)
  2 goblins
  A hobgoblin (D:1)
  3 kobolds (D:1)
  A quokka (D:1)
  A ball python (D:2)
  2 bats
  2 frilled lizards (D:2)
  3 rats
21 creatures vanquished.

Grand Total: 28 creatures vanquished

Notes
Turn   | Place    | Note
-------+----------+-------------------------------------------
     0 | D:1      | blackman the Felid Summoner began the quest for the Orb.
     0 | D:1      | Reached XP level 1. HP: 7/7 MP: 4/4
   251 | D:1      | Reached XP level 2. HP: 11/11 MP: 3/6
   320 | D:1      | Learned a level 2 spell: Call Imp
  1189 | D:2      | Reached XP level 3. HP: 14/14 MP: 2/7
  1261 | D:2      | Learned a level 3 spell: Call Canine Familiar
  1486 | D:2      | Found a faded altar of an unknown god.
  1550 | D:2      | Reached skill level 5 in Summonings
  2099 | D:3      | Noticed Ijyb
  2122 | D:3      | Killed from afar by Ijyb

Illustrated notes

Levels and vault maps discovered:
D:1:      dpeg_arrival_tiny_a, layout_rooms
D:2:      layout_basic, hellmonk_ecumenical_altar_slurped_away
D:3:      cheibrodos_fertilizer, layout_basic, serial_shops,
          nicolae_shop_hallway_plus, nicolae_diamond_shop, hangedman_decor_push,
          uniq_sigmund, uniq_ijyb

Skill      XL: |  1  2  3 |
---------------+----------+-----
Summonings     | 5 |  5.1
Dodging        | |  2.6
Stealth        | |  2.6
Spellcasting   | |  2.2

Action                   || total
-------------------------++-------
Melee: Unarmed           ||    37
       Bite              ||     3
       Punch             ||     1
 Cast: Summon Small Mamm ||    29
       Call Imp          ||    11
       Call Canine Famil ||     3
  Use: Scroll            ||     2
 Stab: Distracted        ||     1
       Sleeping          ||     1
Armor: Skin              ||     4
Dodge: Dodged            ||    44

Table legend: (Time is in decaauts)
 A = Elapsed time spent in this place.
 B = Non-inter-level travel time spent in this place.
 C = Inter-level travel time spent in this place.
 D = Time resting spent in this place.
 E = Time spent auto-exploring this place.
 F = Levels seen in this place.
 G = Mean time per level.
                   A        B        C        D        E       F      G
               +--------+--------+--------+--------+--------+-----+--------+
         Total |   1831 |   1688 |    143 |     28 |   1354 |   3 |  610.3 |
       Dungeon |   1831 |   1688 |    143 |     28 |   1354 |   3 |  610.3 |
               +--------+--------+--------+--------+--------+-----+--------+

Top non-repeatable levels by time:
     D:2: 1140 daAuts
     D:1: 659 daAuts
     D:3: 31 daAuts
